[Event "Thailand Pattaya Open 2018"]
[Site "Pattaya"]
[Date "2018.10.29"]
[Round "1"]
[White "Anup, Kumar S."]
[Black "Nguyen, Huynh Minh Huy"]
[Result "0-1"]
[ECO "D48"]
[WhiteElo "1800"]
[BlackElo "2410"]
[Annotator "ChessBase"]
[PlyCount "122"]
[EventDate "2018.10.24"]
[EventType "swiss"]
[EventCountry "THA"]
[SourceTitle "playchess.com"]
[Source "ChessBase"]
[SourceQuality "1"]
[TimeControl "5400+30"]

1. d4 d5 2. c4 c6 3. Nc3 Nf6 4. e3 a6 5. Nf3 e6 6. Bd3 dxc4 7. Bxc4 b5 8. Bd3 Bb7 9. O-O c5 10. b3 Nbd7 11. Bb2 Bd6 12. Rc1 O-O 13. h3 Qe7 14. Qe2 cxd4 15. Nxd4 Nc5 16. Bb1 Rac8 17. b4 Ncd7 18. a3 Nb6 19. Bd3 Bb8 20. Rfd1 Nfd7 21. Be4 Nf6 22. Bxb7 Qxb7 23. Nf3 Nc4 24. Nb1 Ne4 25. Rd3 Rcd8 26. Rcd1 Qc7 27. Ba1 h6 28. Rxd8 Rxd8 29. Rxd8+ Qxd8 30. a4 Qd6 31. Nc3 Qxb4 32. Nxe4 Qb1+ 33. Qe1 Qxe4 34. axb5 axb5 35. Qc3 Qb1+ 36. Qe1 Qxe1+ 37. Nxe1 f5 38. Nc2 Kf7 39. Bc3 e5 40. Bb4 g6 41. Kf1 Ke6 42. Ke2 h5 43. f4 Kd5 44. g3 Ba7 45. Kf3 Bb6 46. fxe5 Nxe5+ 47. Kf4 Nf7 48. g4 Bc7+ 49. Kf3 fxg4+ 50. hxg4 Ne5+ 51. Kf4 Nxg4+ 52. Kg5 Ne5 53. Be1 Bd8+ 54. Kf4 Nd3+ 55. Kf3 Nxe1+ 56. Nxe1 b4 57. Nd3 b3 58. e4+ Kd4 59. Nb2 g5 60. Na4 Bc7 61. Nb2 g4+ 0-1

[Event "Thailand Pattaya Open 2018"]
[Site "Pattaya"]
[Date "2018.10.29"]
[Round "4"]
[White "Grafil, Franz Robert"]
[Black "Quizon, Daniel"]
[Result "1/2-1/2"]
[ECO "A15"]
[WhiteElo "2219"]
[BlackElo "2334"]
[Annotator "ChessBase"]
[PlyCount "87"]
[EventDate "2018.10.24"]
[EventType "swiss"]
[EventCountry "THA"]
[SourceTitle "playchess.com"]
[Source "ChessBase"]
[SourceQuality "1"]
[TimeControl "5400+30"]

1. Nf3 Nf6 2. c4 g6 3. b4 Bg7 4. Bb2 d6 5. g3 O-O 6. Bg2 e5 7. d3 a5 8. b5 Re8 9. O-O Nbd7 10. Nbd2 Nc5 11. Rc1 Nfd7 12. Qc2 Qe7 13. e4 Ne6 14. Rfe1 Ndc5 15. h3 Bd7 16. Nb3 Nxb3 17. Qxb3 a4 18. Qb4 c6 19. Ba3 Nc5 20. Rcd1 cxb5 21. cxb5 Be6 22. d4 exd4 23. e5 b6 24. Nxd4 dxe5 25. Nxe6 Qxe6 26. Bxa8 Rxa8 27. Qd2 Rc8 28. Qd6 Qxa2 29. Bxc5 Bf8 30. Qxb6 Bxc5 31. Qf6 Bd4 32. b6 Qb3 33. Rxd4 exd4 34. Qxd4 a3 35. Qd7 Rf8 36. Qa7 a2 37. b7 Qb1 38. Rf1 Rd8 39. Qa8 Rf8 40. h4 h5 41. Kh2 Qxf1 42. Qxf8+ Kxf8 43. b8=Q+ Kg7 44. Qb2+ 1/2-1/2

[Event "Thailand Pattaya Open 2018"]
[Site "Pattaya"]
[Date "2018.10.29"]
[Round "5"]
[White "Tran, Tuan Minh"]
[Black "Pourramezanali, Amirreza"]
[Result "1-0"]
[ECO "E20"]
[WhiteElo "2506"]
[BlackElo "2533"]
[Annotator "ChessBase"]
[PlyCount "67"]
[EventDate "2018.10.24"]
[EventType "swiss"]
[EventCountry "THA"]
[SourceTitle "playchess.com"]
[Source "ChessBase"]
[SourceQuality "1"]
[TimeControl "5400+30"]

1. d4 e6 2. c4 Nf6 3. g3 d5 4. Bg2 Bb4+ 5. Nc3 O-O 6. Nf3 dxc4 7. O-O Nc6 8. Bg5 h6 9. Bxf6 Qxf6 10. e3 Rb8 11. Ne4 Qd8 12. Qc2 b5 13. b3 cxb3 14. axb3 Rb6 15. Ne1 e5 16. d5 Ne7 17. Nd3 Nxd5 18. Rxa7 f5 19. Rd1 fxe4 20. Nxb4 Nxb4 21. Rxd8 Nxc2 22. Rxf8+ Kxf8 23. Ra8 Ke7 24. Rxc8 Kd7 25. Rg8 Na1 26. Rxg7+ Kd6 27. b4 Nc2 28. Bxe4 Nxb4 29. Rh7 Nd5 30. Rxh6+ Kc5 31. Rxb6 cxb6 32. h4 b4 33. h5 Nf6 34. h6 1-0

[Event "Thailand Pattaya Open 2018"]
[Site "Pattaya"]
[Date "2018.10.29"]
[Round "5"]
[White "Persson, Richard"]
[Black "Villamayor, Buenaventura"]
[Result "0-1"]
[ECO "B24"]
[WhiteElo "2138"]
[BlackElo "2403"]
[Annotator "ChessBase"]
[PlyCount "54"]
[EventDate "2018.10.24"]
[EventType "swiss"]
[EventCountry "THA"]
[SourceTitle "playchess.com"]
[Source "ChessBase"]
[SourceQuality "1"]
[TimeControl "5400+30"]

1. g3 c5 2. Bg2 Nc6 3. Nc3 g6 4. e4 Bg7 5. f4 e6 6. d3 Nge7 7. Nf3 d5 8. O-O O-O 9. Kh1 Rb8 10. Bd2 b5 11. Rb1 b4 12. Ne2 dxe4 13. dxe4 Ba6 14. Re1 Qb6 15. Qc1 Rfd8 16. Be3 Nd4 17. Nexd4 cxd4 18. Bg1 Qa5 19. Rd1 d3 20. cxd3 Bxd3 21. e5 Rbc8 22. Qe3 Bxb1 23. Rxb1 Qxa2 24. Re1 a5 25. Re2 Rd1 26. h4 Nf5 27. Qf2 Bf8 0-1

[Event "Thailand Pattaya Open 2018"]
[Site "Pattaya"]
[Date "2018.10.29"]
[Round "6"]
[White "Pourramezanali, Amirreza"]
[Black "Salvador, Louie"]
[Result "1-0"]
[ECO "A11"]
[WhiteElo "2533"]
[BlackElo "2192"]
[Annotator "RC"]
[PlyCount "99"]
[EventDate "2018.10.24"]
[EventType "swiss"]
[EventCountry "THA"]
[SourceTitle "playchess.com"]
[Source "ChessBase"]
[SourceQuality "1"]
[TimeControl "5400+30"]

1. c4 c6 2. g3 Nf6 3. Nf3 d5 4. Bg2 Bg4 5. Ne5 Be6 6. cxd5 Bxd5 7. Nf3 c5 8. Nc3 Bc6 9. O-O e6 10. Re1 Be7 11. e4 O-O 12. d4 cxd4 13. Nxd4 Qb6 14. Nb3 Rd8 15. Qe2 Na6 16. Be3 Qb4 17. Rac1 Nc5 18. Nxc5 Bxc5 19. Nd5 exd5 20. Bxc5 Qb5 21. Qxb5 Bxb5 22. Be7 Rd7 23. Bxf6 gxf6 24. exd5 Rad8 25. Rc3 b6 26. Bf3 Ba6 27. Rd1 Kf8 28. Kg2 Bb7 29. Rcd3 Ke7 30. d6+ Rxd6 31. Rxd6 Bxf3+ 32. Kxf3 Rxd6 33. Rxd6 Kxd6 34. Ke4 Ke6 35. g4 f5+ 36. gxf5+ Kd6 37. f6 Ke6 38. a4 a5 39. Kd4 Kd6 40. Kc4 Kc6 41. b4 axb4 42. Kxb4 Kc7 43. Kb5 Kb7 44. f3 h6 45. h3 h5 46. h4 Kc7 47. Ka6 Kc6 48. f4 Kc7 49. Ka7 Kc6 50. Kb8 1-0

[Event "Thailand Pattaya Open 2018"]
[Site "Pattaya"]
[Date "2018.10.29"]
[Round "6"]
[White "Grafil, Franz Robert"]
[Black "Laylo, Darwin"]
[Result "0-1"]
[ECO "A15"]
[WhiteElo "2219"]
[BlackElo "2427"]
[Annotator "RC"]
[PlyCount "116"]
[EventDate "2018.10.24"]
[EventType "swiss"]
[EventCountry "THA"]
[SourceTitle "playchess.com"]
[Source "ChessBase"]
[SourceQuality "1"]
[TimeControl "5400+30"]

1. Nf3 Nf6 2. c4 g6 3. b4 a5 4. b5 c6 5. e3 Bg7 6. Bb2 O-O 7. Be2 a4 8. Na3 d5 9. O-O Bg4 10. Rb1 Nbd7 11. bxc6 bxc6 12. Nd4 Bxe2 13. Qxe2 Rc8 14. cxd5 cxd5 15. Rfc1 Nc5 16. Nab5 Qd7 17. Ba3 Ne6 18. Nxe6 Qxe6 19. Nd4 Qd7 20. Qb5 Rxc1+ 21. Rxc1 Qxb5 22. Nxb5 Re8 23. f3 e5 24. Nd6 Rb8 25. Rc8+ Rxc8 26. Nxc8 Bf8 27. Bxf8 Kxf8 28. Kf2 Nd7 29. Ke2 e4 30. d4 f5 31. f4 Ke8 32. h3 Kd8 33. Nd6 Nb6 34. g4 Ke7 35. Nb5 fxg4 36. hxg4 h6 37. a3 h5 38. gxh5 gxh5 39. Nc3 Ke6 40. Kf2 h4 41. Kg2 Nc4 42. Kf2 h3 43. Kg3 Nxe3 44. Kxh3 Nc2 45. Nxa4 Nxd4 46. Nc3 e3 47. Kg2 Nc2 48. Kf3 d4 49. Nd1 Ne1+ 50. Ke2 Ng2 51. Kf3 Kf5 52. a4 Nh4+ 53. Ke2 Ke4 54. Nb2 Nf5 55. a5 d3+ 56. Nxd3 Nd4+ 57. Ke1 Kxd3 58. a6 e2 0-1

[Event "Thailand Pattaya Open 2018"]
[Site "Pattaya"]
[Date "2018.10.29"]
[Round "6"]
[White "Saeheng, Boonsueb"]
[Black "Quizon, Daniel"]
[Result "1/2-1/2"]
[ECO "E94"]
[WhiteElo "2163"]
[BlackElo "2334"]
[Annotator "NA"]
[PlyCount "53"]
[EventDate "2018.10.24"]
[EventType "swiss"]
[EventCountry "THA"]
[SourceTitle "playchess.com"]
[Source "ChessBase"]
[SourceQuality "1"]
[TimeControl "5400+30"]

1. Nf3 Nf6 2. c4 g6 3. Nc3 d6 4. d4 Bg7 5. e4 O-O 6. Be2 e5 7. O-O exd4 8. Nxd4 Nc6 9. Be3 Re8 10. f3 Nh5 11. Qd2 Nf4 12. Nxc6 Nxe2+ 13. Nxe2 bxc6 14. Bd4 c5 15. Bxg7 Kxg7 16. Nf4 Be6 17. Qc3+ Qf6 18. Rac1 Rab8 19. b3 Qxc3 20. Rxc3 f6 21. Nxe6+ Rxe6 22. Kf2 a5 23. a4 Ree8 24. Rd1 Re5 25. Rd5 Rbe8 26. Rcd3 Rxd5 27. exd5 1/2-1/2

[Event "Thailand Pattaya Open 2018"]
[Site "Pattaya"]
[Date "2018.10.29"]
[Round "7"]
[White "Tran, Tuan Minh"]
[Black "Nguyen, Huynh Minh Huy"]
[Result "1-0"]
[ECO "D30"]
[WhiteElo "2506"]
[BlackElo "2410"]
[Annotator "ChessBase"]
[PlyCount "37"]
[EventDate "2018.10.24"]
[EventType "swiss"]
[EventCountry "THA"]
[SourceTitle "playchess.com"]
[Source "ChessBase"]
[SourceQuality "1"]
[TimeControl "5400+30"]

1. d4 d5 2. c4 c6 3. Nf3 Nf6 4. e3 e6 5. Nbd2 Nbd7 6. Bd3 c5 7. O-O cxd4 8. Nxd4 e5 9. Ne2 Nb6 10. b3 Be6 11. Bb2 Bb4 12. Bxe5 Bxd2 13. Bxf6 Qxf6 14. cxd5 O-O-O 15. dxe6 Rxd3 16. Qc2+ Bc3 17. Rac1 Rhd8 18. Nxc3 Kb8 19. Nb5 1-0

[Event "Thailand Pattaya Open 2018"]
[Site "Pattaya"]
[Date "2018.10.29"]
[Round "7"]
[White "Villamayor, Buenaventura"]
[Black "Habla, Jony"]
[Result "1-0"]
[ECO "A25"]
[WhiteElo "2403"]
[BlackElo "2170"]
[Annotator "NA"]
[PlyCount "117"]
[EventDate "2018.10.24"]
[EventType "swiss"]
[EventCountry "THA"]
[SourceTitle "playchess.com"]
[Source "ChessBase"]
[SourceQuality "1"]
[TimeControl "5400+30"]

1. c4 e5 2. g3 Nf6 3. Bg2 Nc6 4. Nc3 Bb4 5. Nd5 Be7 6. e3 O-O 7. Ne2 d6 8. O-O Re8 9. d3 Bd7 10. h3 h6 11. e4 a5 12. Be3 Nb4 13. Nxe7+ Qxe7 14. Nc3 Reb8 15. Qd2 a4 16. Kh2 c5 17. f4 a3 18. b3 Ra6 19. Nd5 Nfxd5 20. cxd5 Bb5 21. fxe5 dxe5 22. Rfc1 b6 23. Bf1 Kh7 24. Be2 Ra7 25. Rf1 Rd8 26. Rf5 f6 27. Raf1 Rd6 28. R5f3 Qd8 29. g4 Rc7 30. h4 g5 31. Rh3 Kg8 32. Kg2 Rg7 33. Rfh1 Rg6 34. Bf1 Qd7 35. Be2 Ba6 36. Bf2 Bb7 37. hxg5 fxg5 38. Bg3 Nxd5 39. exd5 Rxd5 40. Kg1 e4 41. Rxh6 Rxh6 42. Rxh6 Qg7 43. Rh5 Ba6 44. Qe3 Bxd3 45. Bxd3 Rxd3 46. Qxe4 Qd4+ 47. Qxd4 cxd4 48. Rxg5+ Kh7 49. Bf2 Rd1+ 50. Kg2 Rd2 51. Rb5 Rxa2 52. Rxb6 d3 53. Kf3 d2 54. Rd6 Rb2 55. g5 a2 56. g6+ Kh6 57. Be3+ Kh5 58. g7 d1=Q+ 59. Rxd1 1-0

[Event "Thailand Pattaya Open 2018"]
[Site "Pattaya"]
[Date "2018.10.29"]
[Round "7"]
[White "Chan, Yi Meng Ryan"]
[Black "Duong, The Anh"]
[Result "0-1"]
[ECO "E15"]
[WhiteElo "1938"]
[BlackElo "2307"]
[Annotator "NA"]
[PlyCount "48"]
[EventDate "2018.10.24"]
[EventType "swiss"]
[EventCountry "THA"]
[SourceTitle "playchess.com"]
[Source "ChessBase"]
[SourceQuality "1"]
[TimeControl "5400+30"]

1. d4 Nf6 2. c4 e6 3. Nf3 b6 4. g3 Ba6 5. Qc2 c5 6. d5 exd5 7. cxd5 Bb7 8. Bg2 Nxd5 9. O-O Nc6 10. Rd1 Be7 11. Qf5 Nf6 12. e4 g6 13. Qf4 Nh5 14. Qd2 O-O 15. Nc3 d6 16. Qh6 f6 17. e5 fxe5 18. Ng5 Bxg5 19. Bxg5 Qd7 20. g4 Qxg4 21. Nd5 Rf7 22. Ne3 Qd7 23. Bd5 Nd4 24. Bxf7+ Qxf7 0-1

[Event "Thailand Pattaya Open 2018"]
[Site "Pattaya"]
[Date "2018.10.30"]
[Round "8"]
[White "Duong, The Anh"]
[Black "Villamayor, Buenaventura"]
[Result "1/2-1/2"]
[ECO "A46"]
[WhiteElo "2307"]
[BlackElo "2403"]
[Annotator "RC"]
[PlyCount "117"]
[EventDate "2018.10.24"]
[EventType "swiss"]
[EventCountry "THA"]
[SourceTitle "playchess.com"]
[Source "ChessBase"]
[SourceQuality "1"]
[TimeControl "5400+30"]

1. d4 e6 2. Nf3 c5 3. c3 Nf6 4. Bg5 h6 5. Bh4 cxd4 6. Nxd4 Be7 7. Nd2 d5 8. e3 O-O 9. Bg3 Nbd7 10. Be2 Re8 11. O-O Nc5 12. c4 Nfe4 13. Nxe4 Nxe4 14. cxd5 Nxg3 15. hxg3 Qxd5 16. Bf3 Qa5 17. Qc2 Rb8 18. Rfd1 Qb6 19. Rac1 Rd8 20. Qb3 Qxb3 21. Nxb3 Rxd1+ 22. Rxd1 Kf8 23. Na5 Ke8 24. Nc4 Bd7 25. Nd6+ Bxd6 26. Rxd6 b6 27. Bc6 Bxc6 28. Rxc6 Rd8 29. Rc2 Rd1+ 30. Kh2 h5 31. g4 hxg4 32. Kg3 f5 33. Kf4 Kd7 34. Kg5 Rg1 35. g3 Rg2 36. Rd2+ Ke7 37. Kg6 a5 38. b3 Rh2 39. Kg5 b5 40. Kg6 a4 41. bxa4 bxa4 42. a3 Rg2 43. Kg5 Rg1 44. Rd4 Rf1 45. Rxa4 Rxf2 46. e4 g6 47. Kxg6 f4 48. e5 fxg3 49. Rxg4 g2 50. Rg3 Kd7 51. Kh5 Kc6 52. Kh4 Kd5 53. Kh3 Ra2 54. Rxg2 Rxa3+ 55. Kg4 Re3 56. Kf4 Re4+ 57. Kf3 Kxe5 58. Ra2 Kf5 59. Ra5+ {[%emt 0:00:27] Ke5 Kxe4+*} 1/2-1/2